 Dungeon Crawl Stone Soup version 0.30-a0-170-g85af917532 (webtiles) character file.

Game seed: 14506281627472417010

92 parabelum the Chopper (level 4, -3/41 HPs)
             Began as a Minotaur Berserker on Sept 30, 2022.
             Was a Follower of Trog.
             Slain by Sigmund
             ... wielding a +0 scythe
              (10 damage)
             ... on level 3 of the Dungeon.
             The game lasted 00:24:11 (4339 turns).

parabelum the Chopper (Minotaur Berserker)          Turns: 4339, Time: 00:24:11

Health: -3/41      AC:  5    Str: 24    XL:     4   Next: 35%
Magic:  3/3        EV:  8    Int:  4    God:    Trog [*.....]
Gold:   186        SH:  0    Dex:  9    Spells: 3/3 levels left

rFire   . . .      SeeInvis .    a - +0 hand axe
rCold   . . .      Faith    .    (no shield)
rNeg    . . .      Spirit   .    u - +0 ring mail
rPois   .          Reflect  .    (helmet restricted)
rElec   .          Harm     .    (no cloak)
rCorr   .          Rampage  .    (no gloves)
Will    .....                    (no boots)
Stlth   ..........               (no amulet)
HPRegen 0.13/turn                (no ring)
MPRegen 0.08/turn                (no ring)

@: confused, grasped by roots, on berserk cooldown, slowed, constricted, very
slow
A: horns 2, retaliatory headbutt
a: Renounce Religion, Berserk


You were on level 3 of the Dungeon.
You worshipped Trog.
Trog was aware of your devotion.
You visited 1 branch of the dungeon, and saw 3 of its levels.

You collected 186 gold pieces.

Inventory:

Hand Weapons
 a - a +0 hand axe (weapon)
 d - a +0 club
 i - a +0 dagger
 j - a +0 whip
 n - a +0 whip
 s - a +0 spear
 t - a +0 long sword
 x - a +0 mace
 z - a +0 dagger
 A - a +0 sling
 B - a +0 short sword
Missiles
 g - 2 javelins (quivered)
 k - 24 stones
 p - 6 atropa-tipped darts
Armour
 b - a +0 animal skin
 c - a +0 robe
 e - a +1 leather armour
 h - a +0 robe
 u - a +0 ring mail (worn)
 v - a +0 leather armour
 y - a +0 scale mail
 C - a +0 ring mail
 D - the +0 helmet of the Devouring Gods {rPois rN++ Will-}
   (You found it on level 3 of the Dungeon)

   rPois:     It protects you from poison.
   rN:        It greatly protects you from negative energy.
   Will:      It decreases your willpower.
Scrolls
 f - a scroll of teleportation
 q - a scroll of noise
Potions
 l - 2 potions of lignification
 m - 2 potions of heal wounds {unknown}
 o - a potion of brilliance {unknown}
 r - a potion of degeneration {unknown}
 w - a potion of curing {unknown}


   Skills:
 + Level 4.5 Fighting
 + Level 4.7 Axes
 + Level 3.1 Armour
 + Level 2.8 Dodging
 + Level 0.5 Stealth


You had 3 spell levels left.
You didn't know any spells.
Your spell library contained the following spells:

 Spells                   Type           Power      Damage    Failure   Level
 Call Canine Familiar     Summ           0%         N/A       95%         3
 Portal Projectile        Hex/Tloc       0%         N/A       95%         3
 Leda's Liquefaction      Hex/Erth       0%         N/A       100%        4


Dungeon Overview and Level Annotations

Branches:
Dungeon (3/15)

Altars:
Zin

Annotations:
D:3 Sigmund


Innate Abilities, Weirdness & Mutations

You have a pair of horns on your head.
You reflexively headbutt those who attack you in melee.


Message History

Sigmund flickers and vanishes!
Deactivating autopickup; reactivate with Ctrl-A.
You hear some strange, mumbled words.
A puff of flame appears from out of thin air!
The puff of flame hits you!
A red film seems to cover your vision as you go berserk!
You feel yourself moving faster!
You feel mighty!
You hear a zap.
The roots erupt in riotous growth!
The grasping roots grab you!
You are constricted.
You escape the roots grasp.
You feel a strong urge to attack something.
You miss something.
You hear some strange, mumbled words.
You are confused.
Something hits you but does no damage.
You feel a strong urge to attack something.
You're too confused to move!
You feel your anger nearly subside.
You are no longer berserk.
You are exhausted.
You feel yourself slow down. Something hits you!
A frilled lizard comes into view.
A magic dart appears from out of thin air!
The magic dart hits you.
The frilled lizard hisses.
You feel less confused.
You hear some strange, mumbled words.
You are confused.
Something hits you!
* * * LOW HITPOINT WARNING * * *
You bump into the rock wall.
You hear a zap.
The roots erupt in riotous growth!
The grasping roots grab you!
You are constricted.
* * * LOW HITPOINT WARNING * * *
You closely miss something. You completely miss the frilled lizard.
Something hits you!
You die...

.........# ...#
########.#####...#
##†##...... ##...#
#.### ##..# #...
#..###.# #
#..†?..####.####
#.....l.........
#.####@{.##.##.
#.# #.........#
#.# #...##.####
#.# #.### # #. ...
####


You could see a frilled lizard.

Vanquished Creatures
  Terence (D:2)
  3 adders (D:2)
  A dart slug (D:1)
  An orc (D:3)
  9 ball pythons
  4 endoplasms
  A giant cockroach (D:3)
  4 goblins
  5 hobgoblins (D:1)
  A quokka (D:2)
  2 bats (D:1)
  A kobold (D:1)
  2 rats
35 creatures vanquished.

Notes
Turn   | Place    | Note
-------+----------+-------------------------------------------
     0 | D:1      | parabelum the Minotaur Berserker began the quest for the
                  | Orb.
     0 | D:1      | Reached XP level 1. HP: 19/19 MP: 0/0
   254 | D:1      | Reached XP level 2. HP: 17/27 MP: 1/1
  1220 | D:1      | Found a faded altar of an unknown god.
  3041 | D:2      | Reached XP level 3. HP: 33/33 MP: 2/2
  3687 | D:2      | Noticed Terence
  3701 | D:2      | Killed Terence
  3702 | D:2      | Reached XP level 4. HP: 34/41 MP: 3/3
  4215 | D:3      | Found a glowing silver altar of Zin.
  4279 | D:3      | Identified the +0 helmet of the Devouring Gods {rPois rN++
                  | Will-}
  4323 | D:3      | Noticed Sigmund
  4339 | D:3      | Slain by Sigmund

Illustrated notes

Levels and vault maps discovered:
D:1:      arrival_zaba_pyramid, layout_basic, shapermc_ecumenical_altar_venn,
          minmay_hexomino_c4
D:2:      layout_basic, uniq_terence
D:3:      minmay_inner_zag, layout_loops_ring, amcnicky_altar_gilded,
          uniq_sigmund

Skill      XL: |  1  2  3  4 |
---------------+-------------+-----
Fighting       | 4 |  4.5
Axes           | 4 |  4.7
Armour         | 3 |  3.1
Dodging        | |  2.8
Stealth        | |  0.5

Action                   |  1- 3 |  4- 6 || total
-------------------------+-------+-------++-------
Melee: Hand axe          |    76 |    18 ||    94
       Headbutt          |     8 |     4 ||    12
Invok: Berserk           |     3 |     1 ||     4
  Use: Scroll            |     6 |       ||     6
       Potion            |     1 |       ||     1
Armor: Animal skin       |     1 |       ||     1
       Leather armour    |     7 |       ||     7
       Ring mail         |     7 |     7 ||    14
Dodge: Dodged            |    43 |     9 ||    52

Table legend: (Time is in decaauts)
 A = Elapsed time spent in this place.
 B = Non-inter-level travel time spent in this place.
 C = Inter-level travel time spent in this place.
 D = Time resting spent in this place.
 E = Time spent auto-exploring this place.
 F = Levels seen in this place.
 G = Mean time per level.
                   A        B        C        D        E       F      G
               +--------+--------+--------+--------+--------+-----+--------+
         Total |   4375 |   4374 |      1 |   1784 |      0 |   3 | 1458.3 |
       Dungeon |   4375 |   4374 |      1 |   1784 |      0 |   3 | 1458.3 |
               +--------+--------+--------+--------+--------+-----+--------+

Top non-repeatable levels by time:
     D:1: 3043 daAuts
     D:2: 1177 daAuts
     D:3: 153 daAuts
